Map: Moonlight Madness LE (Void)

Players

SticklerMac

  • Race: Zerg Zerg

Adrenalin - Winner!

  • Race: Zerg Zerg
  • League: Grandmaster

VOD

Have the link to the VOD?

Description

Time

  • Played on: Aug. 6, 2015, 5:55 p.m.
  • Length: 10:03
Show
View Real Time Build Order
Export as new Build Order

SticklerMac Zerg 

Build Orders: 3 Hatch before Pool 

Get SALT Encoding   

  12  0:01  Drone  
  13  0:08  Drone  
  14  0:17  Overlord  
  14  0:35  Drone x3  
  17  0:55  Hatchery  
  17  1:01  Hatchery  
  16  1:16  Spawning Pool  
  15  1:22  Drone x2  
  17  1:28  Drone, Extractor  
  17  1:38  Drone  
  18  2:00  Extractor  
  17  2:03  Zergling x4  
  17  2:04  Queen  
  21  2:09  Drone  
  22  2:17  Drone  
  22  2:18  Drone  
  24  2:24  Queen  
  26  2:32  Zergling x4  
  28  2:47  Overlord x2  
  28  2:50  Overlord  
  28  3:01  Metabolic Boost  
  28  3:08  Zergling x6  
  28  3:09  Zergling x2  
  32  3:15  Drone x2  
  34  3:24  Baneling Nest  
  33  3:30  Zergling x4  
  33  3:31  Zergling x2  
  36  3:41  Drone  
  36  3:42  Drone x2  
  39  3:52  Zergling x2  
  39  3:54  Zergling x6  
  43  3:57  Zergling x2  
  44  4:07  Zergling x2  
  44  4:08  Zergling x6  
  44  4:09  Zergling x2  
  48  4:12  Zergling x2  
  48  4:16  Baneling x2  
  49  4:18  Baneling x3  
  49  4:19  Baneling  
  49  4:22  Zergling x2  
  50  4:33  Zergling x4  
  50  4:34  Overlord  
  50  5:00  Zergling x12  
  56  5:12  Zergling x4  
  56  5:13  Overlord, Zergling x4  
  56  5:14  Overlord x2  
  58  5:23  Zergling x2  
  58  5:24  Zergling x2  
  52  5:32  Zergling x2  
  47  5:43  Zergling x4  
  47  5:46  Zergling x2  
  47  5:47  Zergling x2  
  49  5:58  Zergling x4  
  48  6:11  Zergling x4  
  46  6:21  Zergling x2  
  46  6:22  Zergling x14  
  46  6:23  Zergling x2  
  53  6:30  Zergling x2  
  54  6:36  Zergling x2  
  55  6:41  Zergling x2  
  56  6:53  Zergling x4  
  58  6:57  Zergling x6  
  58  6:58  Zergling x10  
  64  7:09  Zergling x4  
  63  7:17  Zergling x2  
  64  7:24  Zergling x2  
  64  7:28  Zergling x2  
  66  7:40  Zergling x12  
  72  7:47  Zergling x10  
  77  7:58  Zergling x4  
  79  8:07  Zergling x2  
  79  8:08  Zergling x8  
  79  8:12  Hatchery  
  83  8:24  Zergling x4  
  83  8:25  Overlord x3  
  83  8:26  Overlord  
  78  8:36  Zergling x4  
  71  8:43  Zergling x2  
  70  8:49  Zergling x2  
  71  8:57  Zergling x4  
  66  9:12  Zergling x2  
  66  9:13  Zergling x2  
  66  9:16  Zergling x2  
  66  9:17  Zergling x2  
  42  9:28  Roach Warren  
  39  9:38  Zergling x12  
  40  9:39  Zergling x8  
Show
View Real Time Build Order
Export as new Build Order

Adrenalin Zerg - Winner!

Build Orders: Hatch First 

Get SALT Encoding   

  12  0:01  Drone  
  13  0:12  Drone  
  14  0:16  Overlord  
  14  0:35  Drone x2  
  16  0:37  Drone  
  17  1:02  Hatchery  
  16  1:15  Drone, Spawning Pool  
  16  1:16  Drone  
  17  1:25  Drone  
  17  1:30  Overlord  
  18  1:39  Extractor  
  17  1:44  Extractor  
  16  1:48  Drone  
  17  1:59  Drone  
  18  2:03  Queen  
  18  2:04  Zergling x2  
  21  2:18  Spine Crawler  
  21  2:19  Drone  
  21  2:22  Drone  
  22  2:29  Drone  
  23  2:43  Zergling x4  
  25  3:06  Extractor  
  24  3:13  Drone x6  
  24  3:19  Drone x3  
  33  3:23  Overlord  
  33  3:25  Hatchery  
  33  3:26  Metabolic Boost  
  32  3:38  Lair  
  32  3:44  Roach Warren  
  32  3:46  Drone x3  
  34  4:05  Spine Crawler  
  34  4:06  Spine Crawler  
  34  4:07  Spine Crawler  
  29  4:10  Zergling x2  
  29  4:11  Zergling x4  
  32  4:19  Spine Crawler  
  32  4:21  Spine Crawler  
  27  5:01  Roach x7  
  27  5:02  Roach  
  43  5:09  Evolution Chamber  
  43  5:11  Evolution Chamber  
  43  5:13  Glial Reconstitution  
  39  5:32  Roach x2  
  41  5:54  Spine Crawler  
  40  5:58  Roach  
  40  5:59  Roach  
  40  6:00  Roach  
  40  6:02  Overlord x3  
  42  6:30  Nydus Network  
  41  6:35  Zerg Missile Weapons Level 1  
  41  6:36  Hydralisk Den  
  40  6:45  Drone x2  
  41  7:04  Hatchery, Lurker Den  
  41  8:13  Roach x6  
  41  8:14  Roach x4  
  61  8:47  Overlord  
  61  8:51  Hatchery  
  60  9:18  Roach x3  
  64  9:30  Hydralisk x3  
  66  9:48  Ravager x3  
  66  9:49  Ravager  
Tags
 
Add a new tag
Caveats
  • Supply blocks, unpowered buildings, or Contaminate may cause inaccurate times.
  • Supply counts are checked every 10 seconds.